 Dungeon Crawl Stone Soup version 0.26.0-16-gc1dbca0489 (webtiles) character file.

Game seed: 4500930958990845868

69 BOMJPIETVODKU the Ruffian (level 4, -1/36 HPs)
             Began as a Draconian Transmuter on Jan 19, 2021.
             Slain by a goblin (2 damage)
             ... led by Robin
             ... on level 2 of the Dungeon.
             The game lasted 00:04:16 (1255 turns).

BOMJPIETVODKU the Ruffian (Draconian Transmuter)    Turns: 1255, Time: 00:04:16

Health: -1/36      AC:  5    Str: 11 (12) XL:     4   Next: 2%
Magic:  4/7        EV: 12    Int: 12 (15) God:
Gold:   56         SH:  0    Dex: 10 (11) Spells: 4/7 levels left

rFire    + . .     SeeInvis .     - Unarmed
rCold    . . .     Faith    .   (no shield)
rNeg     . . .     Spirit   .   (armour unavailable)
rPois    +         Reflect  .   (helmet currently unavailable)
rElec    .         Harm     .   (no cloak)
rCorr    .         Rampage  .   (no gloves)
Will     .....                  (boots currently unavailable)
Stlth    +.........             (no amulet)
HPRegen  0.12/turn              f - ring of protection from fire
MPRegen  0.10/turn              k - ring of poison resistance

@: appendages (expiring), wereblooded
A: unfitting armour, horns 2, talons 2, cold-blooded, AC +5
a: End Transformation


You were on level 2 of the Dungeon.
You had grown temporary horns.
You had grown temporary talons.
You visited 1 branch of the dungeon, and saw 2 of its levels.

You collected 56 gold pieces.

Inventory:

Jewellery
 f - a ring of protection from fire (left hand)
 k - a ring of poison resistance (right hand)
Scrolls
 b - a scroll of amnesia {unknown}
 c - a scroll of teleportation {unknown}
 d - 2 scrolls of random uselessness {unknown}
 e - a scroll of fog {unknown}
 g - a scroll of fear {unknown}
 h - a scroll of remove curse {unknown}
 i - a scroll of enchant weapon {unknown}
 j - a scroll of identify {unknown}


   Skills:
 * Level 2.1 Fighting
 + Level 2.0 Dodging
 + Level 0.4 Stealth
 + Level 4.0 Unarmed Combat
 + Level 2.3 Spellcasting
 + Level 2.1 Transmutations


You had 4 spell levels left.
You knew the following spells:

 Your Spells              Type           Power        Failure   Level
a - Beastly Appendage     Tmut           12%          11%         1
b - Wereblood             Tmut           6%           17%         2

Your spell library contained the following spells:

 Spells                   Type           Power        Failure   Level
 Spider Form              Tmut/Pois      1%           45%         3
 Ice Form                 Ice/Tmut       3%           86%         4
 Blade Hands              Tmut           3%           97%         5


Dungeon Overview and Level Annotations

Branches:
Dungeon (2/15)

Altars:

Annotations:
D:2 Robin


Innate Abilities, Weirdness & Mutations

Your plain brown scales are hard. (AC +5)
You cannot fit into any form of body armour.
You are cold-blooded and may be slowed by cold attacks.
You have a pair of horns on your head.
You have razor-sharp toenails.


Message History

You howl as the wereblood boils in your veins!
The goblin barely misses you.
You hit Robin. Your kick misses Robin.
Robin is heavily wounded.
Robin roars a battlecry!
The goblin goes into a battle-frenzy!
You barely miss Robin.
Robin is heavily wounded.
The goblin hits you.
* * * LOW HITPOINT WARNING * * *
Robin barely misses you.
You hit Robin. Your headbutt misses Robin.
You tail-slap Robin, but do no damage.
Robin is heavily wounded.
The goblin closely misses you. Robin hits you with a +0 dagger.
* * * LOW HITPOINT WARNING * * *
You hit Robin.
Robin is almost dead.
The goblin hits you.
You die...

########## #.#
###........#####.#
..)....>g.Sg...#.#
###........###S#.#
#...........#g#.#
##†#####...#.#.#.#
.#.# #...#.#.#g#
.#.### #.).#...g@#
.'...# #...###.###
.#.#.# ##### #..
.#.#.# ### .#.# #
.#.# .#.# .#.#
##.#


You could see Robin and a goblin (strong).

Vanquished Creatures
  An adder (D:2)
  2 worms (D:2)
  3 dart slugs (D:1)
  A leopard gecko (D:2)
  6 bats
  A giant cockroach (D:1)
  10 goblins
  6 hobgoblins
  6 jackals
  2 kobolds (D:1)
  A frilled lizard (D:1)
  3 rats (D:1)
42 creatures vanquished.

Notes
Turn   | Place    | Note
-------+----------+-------------------------------------------
     0 | D:1      | BOMJPIETVODKU the Draconian Transmuter began the quest for
                  | the Orb.
     0 | D:1      | Reached XP level 1. HP: 16/16 MP: 3/3
   145 | D:1      | Reached XP level 2. HP: 17/23 MP: 1/5
   592 | D:1      | Reached XP level 3. HP: 29/29 MP: 6/6
   694 | D:1      | Learned a level 2 spell: Wereblood
  1204 | D:2      | Noticed Robin
  1216 | D:2      | Reached skill level 4 in Unarmed Combat
  1249 | D:2      | Reached XP level 4. HP: 6/36 MP: 3/7
  1254 | D:2      | HP: 1/36 [Robin/+0 dagger (5)]
  1255 | D:2      | Slain by a goblin

Illustrated notes

Levels and vault maps discovered:
D:1:      sevenhm_arrival_forest_fort_small_6, layout_basic,
          minmay_misc_feat_tiny, minmay_strange_pillars,
          chequers_serial_rivers_large_b
D:2:      layout_basic, overflow_temple_1_default, xom_teletrap_fun,
          kennysheep_generic_room_3, uniq_sigmund, uniq_robin

Skill      XL: |  1  2  3 |
---------------+----------+-----
Fighting       | 2 |  2.1
Unarmed Combat | 4 |  4.0
Dodging        | 2 |  2.0
Stealth        | |  0.4
Spellcasting   | |  2.3
Transmutations | |  2.1

Action                   |  1- 3 |  4- 6 || total
-------------------------+-------+-------++-------
Melee: Unarmed           |   118 |     7 ||   125
       Kick              |     9 |     1 ||    10
       Headbutt          |     7 |     1 ||     8
       Tailslap          |    10 |     1 ||    11
 Cast: Beastly Appendage |     7 |       ||     7
       Wereblood         |     2 |       ||     2
  Use: Potion            |     1 |       ||     1
 Stab: Sleeping          |     1 |       ||     1
Armor: Skin              |    41 |     1 ||    42
Dodge: Dodged            |    74 |     4 ||    78
